[Event "41st Jacques-Lemans-Open 2022"]
[Site "St. Veit/Glan"]
[Date "2022.07.16"]
[Round "9.26"]
[White "Bauer, Thomas"]
[Black "Ljubic, Luka"]
[Result "1-0"]
[ECO "B31"]
[WhiteElo "2228"]
[BlackElo "1768"]
[Annotator "ChessBase"]
[PlyCount "169"]
[EventDate "2022.07.09"]
[EventType "swiss"]
[EventCountry "AUT"]
[SourceTitle "playchess.com"]
[Source "ChessBase"]
[SourceQuality "1"]
[TimeControl "40/5400+30:1800+30"]

1. e4 c5 2. Nf3 Nc6 3. Bb5 g6 4. Bxc6 dxc6 5. d3 Bg7 6. a4 Qc7 7. a5 Nf6 8. O-O O-O 9. Re1 Rd8 10. Qe2 Nd7 11. e5 Nf8 12. Qe4 Be6 13. Qh4 Bd5 14. Nbd2 Bxf3 15. Nxf3 Ne6 16. Ra4 Nd4 17. Bf4 Nxf3+ 18. gxf3 e6 19. a6 b5 20. Raa1 Rd4 21. Qg3 Rd5 22. Re4 Rad8 23. Bg5 R8d7 24. f4 Rd4 25. Rxd4 Rxd4 26. Qe3 Qd7 27. b3 Qd5 28. Be7 Bh6 29. c4 Qd7 30. Bd6 Bf8 31. cxb5 Bxd6 32. bxc6 Qxc6 33. exd6 Qxd6 34. Rc1 Rxd3 35. Qxc5 Qxf4 36. Qc4 Qg5+ 37. Kf1 Rxb3 38. h4 Qb5 39. Qxb5 Rxb5 40. Rc7 Rh5 41. Rxa7 Rxh4 42. Rc7 Ra4 43. a7 Kg7 44. Kg2 e5 45. Kg3 h5 46. Kh3 Kf6 47. Kg3 g5 48. Kf3 Kg6 49. Kg3 f6 50. Kf3 Kf5 51. Kg2 Kf4 52. Rc4+ Rxc4 53. a8=Q Rc3 54. Qf8 Kf5 55. Qb4 Rd3 56. Qb1 e4 57. Qb5+ Kg4 58. Qe8 f5 59. Kf1 h4 60. Qe5 Rd1+ 61. Kg2 Rd3 62. Kf1 h3 63. Ke2 Rb3 64. Qh2 f4 65. Qg1+ Kh4 66. Qa1 Rd3 67. Qh8+ Kg4 68. Qc8+ Kh4 69. Qh8+ Kg4 70. Qc8+ Kh4 71. Qf5 f3+ 72. Ke1 Rd4 73. Qe5 Rb4 74. Qg3+ Kh5 75. Qxh3+ Kg6 76. Qe6+ Kh5 77. Qf7+ Kg4 78. Qd7+ Kh5 79. Qe8+ Kg4 80. Qc8+ Kh4 81. Qc3 Rb1+ 82. Kd2 Rg1 83. Ke3 Kh3 84. Kxe4 Kg2 85. Qxf3+ 1-0

[Event "41st Jacques-Lemans-Open 2022"]
[Site "St. Veit/Glan"]
[Date "2022.07.16"]
[Round "9.27"]
[White "Stadlinger, Matthias"]
[Black "Praznik, Anton"]
[Result "0-1"]
[ECO "A69"]
[WhiteElo "1975"]
[BlackElo "2137"]
[Annotator "ChessBase"]
[PlyCount "80"]
[EventDate "2022.07.09"]
[EventType "swiss"]
[EventCountry "AUT"]
[SourceTitle "playchess.com"]
[Source "ChessBase"]
[SourceQuality "1"]
[TimeControl "40/5400+30:1800+30"]

1. d4 Nf6 2. c4 c5 3. d5 g6 4. Nc3 d6 5. e4 Bg7 6. f4 O-O 7. Nf3 e6 8. Be2 exd5 9. cxd5 Re8 10. e5 dxe5 11. fxe5 Ng4 12. Bg5 Qb6 13. O-O Nxe5 14. d6 Be6 15. Bb5 Nbd7 16. Bxd7 Nxd7 17. Nd5 Qxb2 18. Rb1 Qxa2 19. Ne7+ Kh8 20. Rxb7 Rab8 21. Rc7 h6 22. Be3 Rb2 23. Nh4 Kh7 24. Qf3 Rb1 25. Rxb1 Qxb1+ 26. Qf1 Qxf1+ 27. Kxf1 Be5 28. Rxa7 Bxd6 29. Nc6 Rc8 30. Na5 c4 31. Nf3 Bc5 32. Bxc5 Nxc5 33. Nd4 Bd5 34. g3 Kg7 35. Re7 Ne6 36. Nxe6+ Bxe6 37. Ke1 Ra8 38. Nc6 c3 39. Nd4 Ra1+ 40. Kf2 c2 0-1

[Event "41st Jacques-Lemans-Open 2022"]
[Site "St. Veit/Glan"]
[Date "2022.07.16"]
[Round "9.28"]
[White "Elpons, Walter"]
[Black "Wegerer, Fred"]
[Result "0-1"]
[ECO "A41"]
[WhiteElo "1952"]
[BlackElo "2137"]
[Annotator "ChessBase"]
[PlyCount "62"]
[EventDate "2022.07.09"]
[EventType "swiss"]
[EventCountry "AUT"]
[SourceTitle "playchess.com"]
[Source "ChessBase"]
[SourceQuality "1"]
[TimeControl "40/5400+30:1800+30"]

1. d4 d6 2. e4 g6 3. Nf3 Bg7 4. Be2 Nd7 5. Nc3 a6 6. Be3 e6 7. Qd2 Ne7 8. h4 h5 9. Ng5 Nf8 10. O-O-O f6 11. Nh3 c6 12. f4 d5 13. Nf2 b5 14. exd5 exd5 15. Nd3 Bf5 16. Rde1 Ne6 17. Bf2 Kf7 18. Nc5 Nxc5 19. dxc5 Qd7 20. Bd3 Rhe8 21. Ne2 Bxd3 22. Qxd3 Nf5 23. Nd4 Nxd4 24. Bxd4 Qg4 25. g3 Re6 26. Bf2 Rae8 27. Kd2 Re4 28. c3 Bh6 29. Bd4 Qf5 30. Rhf1 Rxe1 31. Qxf5 R8e2+ 0-1

[Event "41st Jacques-Lemans-Open 2022"]
[Site "St. Veit/Glan"]
[Date "2022.07.16"]
[Round "9.29"]
[White "Holzmann, Herbert"]
[Black "Wiedner, Robert"]
[Result "1/2-1/2"]
[ECO "A30"]
[WhiteElo "1979"]
[BlackElo "2133"]
[Annotator "ChessBase"]
[PlyCount "28"]
[EventDate "2022.07.09"]
[EventType "swiss"]
[EventCountry "AUT"]
[SourceTitle "playchess.com"]
[Source "ChessBase"]
[SourceQuality "1"]
[TimeControl "40/5400+30:1800+30"]

1. Nf3 Nf6 2. c4 b6 3. g3 Bb7 4. Bg2 e6 5. O-O c5 6. Nc3 Be7 7. e3 O-O 8. b3 d5 9. cxd5 Nxd5 10. Bb2 Bf6 11. d4 cxd4 12. Nxd4 Nxc3 13. Bxc3 Bxg2 14. Kxg2 Qd5+ 1/2-1/2

[Event "41st Jacques-Lemans-Open 2022"]
[Site "St. Veit/Glan"]
[Date "2022.07.16"]
[Round "9.30"]
[White "Zaytsev, Alexander"]
[Black "Schippel, Gert"]
[Result "1-0"]
[ECO "B48"]
[WhiteElo "1963"]
[BlackElo "2106"]
[Annotator "ChessBase"]
[PlyCount "63"]
[EventDate "2022.07.09"]
[EventType "swiss"]
[EventCountry "AUT"]
[SourceTitle "playchess.com"]
[Source "ChessBase"]
[SourceQuality "1"]
[TimeControl "40/5400+30:1800+30"]

1. e4 c5 2. Nf3 e6 3. d4 cxd4 4. Nxd4 Nc6 5. Nc3 Qc7 6. Be3 a6 7. Qd2 Nf6 8. f3 Bb4 9. a3 Be7 10. Be2 O-O 11. g4 b5 12. Kf2 Bb7 13. h4 Ne5 14. h5 b4 15. axb4 Bxb4 16. Rag1 d5 17. g5 Ne8 18. exd5 Bxd5 19. Nxd5 Bxd2 20. Nxc7 Bxe3+ 21. Kxe3 Nxc7 22. c4 Rfb8 23. f4 Nd7 24. Bf3 Rxb2 25. Bxa8 Nxa8 26. Rb1 Rxb1 27. Rxb1 Nab6 28. c5 Nd5+ 29. Kf3 Kf8 30. c6 Nc5 31. Rc1 Nd3 32. c7 1-0

[Event "41st Jacques-Lemans-Open 2022"]
[Site "St. Veit/Glan"]
[Date "2022.07.16"]
[Round "9.31"]
[White "Enne, Harald"]
[Black "Guetz, Wolfgang"]
[Result "1/2-1/2"]
[ECO "E81"]
[WhiteElo "1919"]
[BlackElo "2034"]
[Annotator "ChessBase"]
[PlyCount "109"]
[EventDate "2022.07.09"]
[EventType "swiss"]
[EventCountry "AUT"]
[SourceTitle "playchess.com"]
[Source "ChessBase"]
[SourceQuality "1"]
[TimeControl "40/5400+30:1800+30"]

1. d4 Nf6 2. c4 g6 3. Nc3 Bg7 4. e4 d6 5. f3 O-O 6. Be3 c5 7. Nge2 Nc6 8. Qd2 Qa5 9. d5 Ne5 10. Nc1 a6 11. Be2 Rb8 12. a3 Rd8 13. h3 Ned7 14. f4 b5 15. Nb3 Qb6 16. cxb5 axb5 17. O-O b4 18. axb4 Qxb4 19. Na5 Nxe4 20. Nxe4 Qxe4 21. Bf3 Qb4 22. Qxb4 Rxb4 23. Nc6 Re8 24. Nxb4 cxb4 25. Ra4 Bxb2 26. Rxb4 Ba3 27. Ra4 Bc5 28. Bxc5 Nxc5 29. Ra8 Bd7 30. Rxe8+ Bxe8 31. Rb1 Kg7 32. Kf2 h5 33. Ke3 Kf6 34. g4 hxg4 35. hxg4 Bd7 36. Rb6 Na4 37. Rb7 Nc5 38. Ra7 e6 39. Kd4 Nb3+ 40. Ke3 Nc5 41. Rc7 g5 42. fxg5+ Kxg5 43. dxe6 Bxe6 44. Rc6 Bxg4 45. Bxg4 Kxg4 46. Rxd6 Ne6 47. Ke4 Kg5 48. Ke5 Kg6 49. Rd1 Ng5 50. Rf1 Ne6 51. Rf5 Ng5 52. Rf6+ Kg7 53. Kf5 Ne6 54. Rxe6 fxe6+ 55. Kxe6 1/2-1/2

[Event "41st Jacques-Lemans-Open 2022"]
[Site "St. Veit/Glan"]
[Date "2022.07.16"]
[Round "9.32"]
[White "Wallner, Dieter"]
[Black "Vlasak, Reinhard"]
[Result "1/2-1/2"]
[ECO "A45"]
[WhiteElo "2018"]
[BlackElo "1915"]
[Annotator "ChessBase"]
[PlyCount "34"]
[EventDate "2022.07.09"]
[EventType "swiss"]
[EventCountry "AUT"]
[SourceTitle "playchess.com"]
[Source "ChessBase"]
[SourceQuality "1"]
[TimeControl "40/5400+30:1800+30"]

1. d4 Nf6 2. Nc3 d5 3. Bf4 e6 4. Nb5 Na6 5. e3 c6 6. Nc3 b6 7. h4 Bd6 8. h5 Bxf4 9. exf4 h6 10. Nf3 O-O 11. Ne5 c5 12. g4 Ne4 13. Nxe4 dxe4 14. dxc5 Nxc5 15. Qxd8 Rxd8 16. Rh3 Bb7 17. Rd1 Rxd1+ 1/2-1/2

[Event "41st Jacques-Lemans-Open 2022"]
[Site "St. Veit/Glan"]
[Date "2022.07.16"]
[Round "9.33"]
[White "Stadlinger, Lea"]
[Black "Moewisch, Dave"]
[Result "1/2-1/2"]
[ECO "A45"]
[WhiteElo "1723"]
[BlackElo "1941"]
[Annotator "ChessBase"]
[PlyCount "95"]
[EventDate "2022.07.09"]
[EventType "swiss"]
[EventCountry "AUT"]
[SourceTitle "playchess.com"]
[Source "ChessBase"]
[SourceQuality "1"]
[TimeControl "40/5400+30:1800+30"]

1. d4 Nf6 2. Nc3 d5 3. Bf4 c5 4. e3 a6 5. Nf3 Bg4 6. h3 Bh5 7. Be2 e6 8. O-O Bxf3 9. Bxf3 cxd4 10. exd4 Bd6 11. Ne2 Nc6 12. Qd2 O-O 13. Rac1 b5 14. Bxd6 Qxd6 15. b3 Rac8 16. Rfd1 Rc7 17. c4 bxc4 18. bxc4 dxc4 19. Rxc4 Rfc8 20. Bxc6 Rxc6 21. Rxc6 Rxc6 22. Rc1 h6 23. Rxc6 Qxc6 24. Qc3 Qb5 25. Qc8+ Kh7 26. Qc2+ g6 27. Kh2 Nd5 28. a3 h5 29. g3 Qa5 30. Qd3 Qe1 31. Kg2 a5 32. Qf3 Kg7 33. Nf4 Qc3 34. Nxd5 Qxf3+ 35. Kxf3 exd5 36. h4 f6 37. Ke3 Kf7 38. f4 Ke6 39. Kf3 Kf5 40. a4 g5 41. fxg5 fxg5 42. hxg5 Kxg5 43. Kf2 Kf6 44. Ke3 Kg5 45. Kf2 Kg4 46. Kg2 Kf5 47. Kf3 Kg5 48. Kf2 1/2-1/2

[Event "41st Jacques-Lemans-Open 2022"]
[Site "St. Veit/Glan"]
[Date "2022.07.16"]
[Round "9.34"]
[White "Toefferl, Heimo"]
[Black "Kempe, Caius Emilian"]
[Result "1/2-1/2"]
[ECO "D15"]
[WhiteElo "2003"]
[BlackElo "1877"]
[Annotator "ChessBase"]
[PlyCount "69"]
[EventDate "2022.07.09"]
[EventType "swiss"]
[EventCountry "AUT"]
[SourceTitle "playchess.com"]
[Source "ChessBase"]
[SourceQuality "1"]
[TimeControl "40/5400+30:1800+30"]

1. d4 d5 2. c4 c6 3. Nc3 Nf6 4. Nf3 a6 5. e3 b5 6. b3 Bf5 7. Be2 e6 8. O-O Bd6 9. h3 O-O 10. Bb2 h6 11. Rc1 Nbd7 12. Nd2 Rc8 13. f4 Bb8 14. Qe1 Bh7 15. Nf3 Ne4 16. Nxe4 Bxe4 17. Ne5 Nxe5 18. dxe5 bxc4 19. bxc4 Qb6 20. Qd2 c5 21. Bc3 Ba7 22. Ba5 Qc6 23. Bf3 Bxf3 24. Rxf3 Qa4 25. f5 Bb8 26. Bc3 d4 27. exd4 cxd4 28. Bxd4 Rxc4 29. Rxc4 Qxc4 30. fxe6 Qxe6 31. Bc5 Rc8 32. Bd6 Ba7+ 33. Kh1 Qc4 34. Kh2 Qc1 35. Qxc1 1/2-1/2

[Event "41st Jacques-Lemans-Open 2022"]
[Site "St. Veit/Glan"]
[Date "2022.07.16"]
[Round "9.35"]
[White "Holub, Adam"]
[Black "Missethan, Michael"]
[Result "1/2-1/2"]
[ECO "D35"]
[WhiteElo "1817"]
[BlackElo "1991"]
[Annotator "ChessBase"]
[PlyCount "42"]
[EventDate "2022.07.09"]
[EventType "swiss"]
[EventCountry "AUT"]
[SourceTitle "playchess.com"]
[Source "ChessBase"]
[SourceQuality "1"]
[TimeControl "40/5400+30:1800+30"]

1. d4 d5 2. c4 e6 3. Nc3 Nf6 4. cxd5 exd5 5. Bg5 Be7 6. e3 c6 7. Qc2 Nbd7 8. Bd3 Nh5 9. Bxe7 Qxe7 10. Nge2 g6 11. O-O Nb6 12. b3 Ng7 13. Rfc1 Bf5 14. Nf4 O-O 15. Nce2 Nc8 16. Ng3 Bxd3 17. Nxd3 Ne6 18. Nc5 Nd6 19. Re1 Rfe8 20. Rac1 Kg7 21. Qb2 f6 1/2-1/2

[Event "41st Jacques-Lemans-Open 2022"]
[Site "St. Veit/Glan"]
[Date "2022.07.16"]
[Round "9.36"]
[White "Hofbauer, Peter"]
[Black "Praxmarer, Christian"]
[Result "0-1"]
[ECO "C01"]
[WhiteElo "1986"]
[BlackElo "1906"]
[Annotator "ChessBase"]
[PlyCount "110"]
[EventDate "2022.07.09"]
[EventType "swiss"]
[EventCountry "AUT"]
[SourceTitle "playchess.com"]
[Source "ChessBase"]
[SourceQuality "1"]
[TimeControl "40/5400+30:1800+30"]

1. e4 e6 2. d4 d5 3. exd5 exd5 4. c4 Bb4+ 5. Nc3 Qe7+ 6. Qe2 dxc4 7. Qxe7+ Nxe7 8. Bxc4 c6 9. Nf3 Nd7 10. O-O O-O 11. a3 Ba5 12. b4 Bb6 13. Re1 Nf5 14. Rd1 Nf6 15. Bg5 Nd6 16. Bb3 Bg4 17. Bxf6 gxf6 18. d5 c5 19. Na4 c4 20. Nxb6 axb6 21. Bc2 b5 22. Rd4 Bxf3 23. gxf3 Rfe8 24. Kf1 Re5 25. f4 Rh5 26. Kg2 f5 27. Bd1 Rh6 28. Bf3 Kg7 29. h3 Kf6 30. Kh2 Rg6 31. Rd2 Rgg8 32. Re2 Ra6 33. Re3 Rga8 34. Bd1 Re8 35. Rxe8 Nxe8 36. Kg2 Nd6 37. Kf3 Ne4 38. Ke3 Ke7 39. Bf3 Nf6 40. Kd4 Kd6 41. Ra2 Ra8 42. Ra1 h5 43. Ra2 h4 44. Ra1 Nd7 45. Bg2 Nb6 46. Ra2 Re8 47. Bf3 Re1 48. Bh5 Re4+ 49. Kc3 Nxd5+ 50. Kd2 Rd4+ 51. Ke1 Nxf4 52. Bxf7 Nxh3 53. Be8 Re4+ 54. Re2 Rxe2+ 55. Kxe2 Nf4+ 0-1